EL
PENSACOLA BLUE WAHOOS @ COLUMBIA FIREFLIES
08/24/2047
 
TOP OF THE 1ST
Pensacola Blue Wahoos batting - Pitching for Columbia Fireflies : LHP Mike Capers
Pitching: LHP Mike Capers
Batting: RHB Dusty Pollert 0-0: Called Strike
0-1: Ball
1-1: Ground out 1-3 (Groundball, 34S, EV 70.6 MPH)
Batting: RHB Jon Marquez 0-0: Ball
1-0: Ball
2-0: Called Strike
2-1: Swinging Strike
2-2: Foul Ball, location: 2F
2-2: Ball
3-2: Strikes out swinging
Batting: RHB Mike Alm 0-0: Foul Ball, location: 2F
0-1: Swinging Strike
0-2: Foul Ball, location: 2F
0-2: Strikes out swinging
Top of the 1st over - 0 runs, 0 hits, 0 errors, 0 left on base; Pensacola 0 - Columbia 0
BOTTOM OF THE 1ST
Columbia Fireflies batting - Pitching for Pensacola Blue Wahoos : RHP Hideki Kobayashi
Pitching: RHP Hideki Kobayashi
Batting: LHB Jamel Alexander 0-0: Swinging Strike
0-1: Ball
1-1: Swinging Strike
1-2: SINGLE (Groundball, 34D, EV 98.1 MPH)
Batting: LHB Adam Hairston 0-0: Called Strike
0-1: Ball
1-1: Ball
2-1: Fielders Choice at 2nd, 4-6 (Groundball, 4, EV 89.4 MPH)
Batting: SHB Jason Evans 0-0: Called Strike
Adam Hairston steals 2nd base
0-1: Ball
1-1: Foul Ball, location: 2F
1-2: Ground out U3 (Groundball, 34, EV 96.2 MPH)
Adam Hairston to third
Batting: SHB Justin Wallace 0-0: Ball
1-0: Swinging Strike
1-1: Foul Ball, location: 2F
1-2: Strikes out swinging
Bottom of the 1st over - 0 runs, 1 hit, 0 errors, 1 left on base; Pensacola 0 - Columbia 0
TOP OF THE 2ND
Pensacola Blue Wahoos batting - Pitching for Columbia Fireflies : LHP Mike Capers
Batting: SHB Freddie Farrar 0-0: SINGLE (Groundball, 4, EV 96.2 MPH)
Batting: RHB Jonathan Robies 0-0: Called Strike
0-1: Called Strike
0-2: Ball
1-2: Ball
2-2: Strikes out swinging
Batting: RHB Chris Zamora Pickoff Throw to First - Out! 1-3
0-0: Foul Ball, location: 2F
0-1: Foul Ball, location: 2F
0-2: Ball
1-2: Strikes out swinging
Top of the 2nd over - 0 runs, 1 hit, 0 errors, 0 left on base; Pensacola 0 - Columbia 0
BOTTOM OF THE 2ND
Columbia Fireflies batting - Pitching for Pensacola Blue Wahoos : RHP Hideki Kobayashi
Batting: RHB Dan Muse 0-0: Ball
1-0: Ball
2-0: Foul Ball, location: 2F
2-1: Ball
3-1: Called Strike
3-2: Ground out 5-3 (Groundball, 56, EV 98.8 MPH)
Batting: RHB Elias Urbina 0-0: Ball
1-0: Fly out, F8 (Flyball, 8RM, EV 90.0 MPH)
Batting: RHB Jeff MacPhee 0-0: Called Strike
0-1: Called Strike
0-2: Ball
1-2: Strikes out swinging
Bottom of the 2nd over - 0 runs, 0 hits, 0 errors, 0 left on base; Pensacola 0 - Columbia 0
TOP OF THE 3RD
Pensacola Blue Wahoos batting - Pitching for Columbia Fireflies : LHP Mike Capers
Batting: RHB Frank Moron 0-0: Called Strike
0-1: Called Strike
0-2: Ball
1-2: Strikes out swinging
Batting: LHB Manny Ruvalcaba 0-0: Called Strike
0-1: Foul Ball, location: 2F
0-2: Ball
1-2: Foul Ball, location: 2F
1-2: Ball
2-2: SINGLE (Line Drive, 56D, EV 103.1 MPH)
Pitching: RHP Leo Burgos
Batting: RHB Yutaka Sato 0-0: Ball
1-0: Foul Ball, location: 2F
1-1: Ball
2-1: Fielders Choice at 2nd, 6-4 (Groundball, 6M, EV 108.1 MPH)
Batting: RHB Dusty Pollert 0-0: Ball
1-0: SINGLE (Line Drive, 5D, EV 96.2 MPH)
Yutaka Sato to second
Batting: RHB Jon Marquez 0-0: Ground out 5-3 (Groundball, 56S, EV 90.0 MPH)
Top of the 3rd over - 0 runs, 2 hits, 0 errors, 2 left on base; Pensacola 0 - Columbia 0
BOTTOM OF THE 3RD
Columbia Fireflies batting - Pitching for Pensacola Blue Wahoos : RHP Hideki Kobayashi
Batting: RHB Koen van Oort 0-0: Ball
1-0: Ground out 5-3 (Groundball, 56S, EV 86.2 MPH)
Batting: RHB David Reyna 0-0: Ball
1-0: Fly out, F9 (Flyball, 9D, EV 100.6 MPH)
Batting: LHB Jamel Alexander 0-0: Swinging Strike
0-1: Ball
1-1: Ground out 4-3 (Groundball, 34D, EV 103.1 MPH)
Bottom of the 3rd over - 0 runs, 0 hits, 0 errors, 0 left on base; Pensacola 0 - Columbia 0
TOP OF THE 4TH
Pensacola Blue Wahoos batting - Pitching for Columbia Fireflies : RHP Leo Burgos
Batting: RHB Mike Alm 0-0: Ball
1-0: Ball
2-0: Called Strike
2-1: Swinging Strike
2-2: Foul Ball, location: 2F
2-2: Strikes out swinging
Batting: SHB Freddie Farrar 0-0: Foul Ball, location: 2F
0-1: Swinging Strike
0-2: Strikes out swinging
Batting: RHB Jonathan Robies 0-0: Called Strike
0-1: Ball
1-1: Called Strike
1-2: Strikes out swinging
Top of the 4th over - 0 runs, 0 hits, 0 errors, 0 left on base; Pensacola 0 - Columbia 0
BOTTOM OF THE 4TH
Columbia Fireflies batting - Pitching for Pensacola Blue Wahoos : RHP Hideki Kobayashi
Batting: LHB Adam Hairston 0-0: Ball
1-0: SINGLE (Line Drive, 6D, EV 101.9 MPH)
Batting: SHB Jason Evans 0-0: Ball
1-0: Ball
2-0: SINGLE (Groundball, 4M, EV 109.4 MPH)
Adam Hairston to second
Batting: SHB Justin Wallace 0-0: Called Strike
0-1: Ball
1-1: DOUBLE (Line Drive, 78XD, EV 103.1 MPH)
Adam Hairston scores
Jason Evans to third
Batting: RHB Dan Muse 0-0: Ball
1-0: DOUBLE (Line Drive, 7LM, EV 95.0 MPH)
Jason Evans scores
Justin Wallace scores
Batting: RHB Elias Urbina 0-0: Ball
1-0: Ball
2-0: Swinging Strike
2-1: Foul Ball, location: 2F
2-2: Foul Ball, location: 2F
2-2: Foul Ball, location: 2F
2-2: Foul Ball, location: 2F
2-2: Ball
3-2: Foul Ball, location: 2F
3-2: Foul Ball, location: 2F
3-2: Foul Ball, location: 2F
3-2: Foul Ball, location: 2F
3-2: Ground out 1-3 (Groundball, 13S, EV 70.0 MPH)
Dan Muse to third
Batting: RHB Jeff MacPhee 0-0: Ground out 6-3 (Groundball, 6, EV 80.6 MPH)
Dan Muse scores
Batting: RHB Koen van Oort 0-0: Ball
1-0: Ball
2-0: Ball
3-0: Called Strike
3-1: Ground out 5-3 (Groundball, 56S, EV 93.1 MPH)
Bottom of the 4th over - 4 runs, 4 hits, 0 errors, 0 left on base; Pensacola 0 - Columbia 4
TOP OF THE 5TH
Pensacola Blue Wahoos batting - Pitching for Columbia Fireflies : RHP Leo Burgos
Batting: RHB Chris Zamora 0-0: Ball
1-0: Ball
2-0: Fly out, F9 (Flyball, 9S, EV 84.4 MPH)
Batting: RHB Frank Moron 0-0: Ball
1-0: Foul Ball, location: 2F
1-1: Swinging Strike
1-2: Ground out 6-3 (Groundball, 6MD, EV 85.0 MPH)
Batting: LHB Manny Ruvalcaba 0-0: Called Strike
0-1: Ground out 6-3 (Groundball, 4, EV 87.5 MPH)
Top of the 5th over - 0 runs, 0 hits, 0 errors, 0 left on base; Pensacola 0 - Columbia 4
BOTTOM OF THE 5TH
Columbia Fireflies batting - Pitching for Pensacola Blue Wahoos : RHP Hideki Kobayashi
Batting: RHB David Reyna 0-0: Ground out 4-3 (Groundball, 4M, EV 81.9 MPH)
Batting: LHB Jamel Alexander 0-0: Ball
1-0: Foul Ball, location: 2F
1-1: Called Strike
1-2: Ball
2-2: Foul Ball, location: 2F
2-2: Fly out, F9 (Line Drive, 9S, EV 88.1 MPH)
Batting: LHB Adam Hairston 0-0: Foul Ball, location: 2F
0-1: Foul Ball, location: 2F
0-2: Ground out 5-3 (Groundball, 5L, EV 89.4 MPH)
Bottom of the 5th over - 0 runs, 0 hits, 0 errors, 0 left on base; Pensacola 0 - Columbia 4
TOP OF THE 6TH
Pensacola Blue Wahoos batting - Pitching for Columbia Fireflies : RHP Leo Burgos
Batting: RHB Yutaka Sato 0-0: Ball
1-0: Swinging Strike
1-1: Called Strike
1-2: Ball
2-2: Reached on error, E6 (Groundball, 6, EV 99.4 MPH)
Batting: RHB Dusty Pollert 0-0: Ball
1-0: Ball
2-0: Ball
3-0: Called Strike
3-1: DOUBLE (Line Drive, 8LXD, EV 108.1 MPH)
Yutaka Sato scores
Batting: RHB Jon Marquez 0-0: Called Strike
0-1: Ball
1-1: Ball
2-1: Ball
3-1: Called Strike
3-2: Strikes out looking
Pitching: RHP Marvin Merino
Batting: RHB Mike Alm 0-0: Ball
Dusty Pollert is caught stealing 3rd base 2-5
1-0: Ball
2-0: Swinging Strike
2-1: Ball
3-1: SINGLE (Flyball, 3D, EV 93.8 MPH)
Batting: SHB Freddie Farrar 0-0: Ball
1-0: Swinging Strike
1-1: Called Strike
1-2: Ball
2-2: Fly out, F8 (Flyball, 8RM, EV 85.0 MPH)
Top of the 6th over - 1 run, 2 hits, 1 error, 1 left on base; Pensacola 1 - Columbia 4
BOTTOM OF THE 6TH
Columbia Fireflies batting - Pitching for Pensacola Blue Wahoos : RHP Hideki Kobayashi
Batting: SHB Jason Evans 0-0: Ball
1-0: Ball
2-0: SINGLE (Groundball, 34D, EV 103.1 MPH)
Batting: SHB Justin Wallace 0-0: Called Strike
0-1: Fielders Choice at 2nd, 4-6 (Groundball, 4, EV 83.1 MPH)
Batting: RHB Dan Muse 0-0: Called Strike
0-1: Ball
1-1: Fielders Choice at 2nd, 5-4 (Groundball, 56S, EV 86.9 MPH)
Batting: RHB Elias Urbina 0-0: Called Strike
Dan Muse is caught stealing 2nd base 2-4
Bottom of the 6th over - 0 runs, 1 hit, 0 errors, 0 left on base; Pensacola 1 - Columbia 4
TOP OF THE 7TH
Pensacola Blue Wahoos batting - Pitching for Columbia Fireflies : RHP Marvin Merino
Batting: RHB Jonathan Robies 0-0: Ball
1-0: Swinging Strike
1-1: Called Strike
1-2: Foul Ball, location: 2F
1-2: Strikes out swinging
Batting: RHB Chris Zamora 0-0: Fly out, F9 (Flyball, 9, EV 86.9 MPH)
Batting: RHB Frank Moron 0-0: Ball
1-0: Called Strike
1-1: Swinging Strike
1-2: Strikes out swinging
Top of the 7th over - 0 runs, 0 hits, 0 errors, 0 left on base; Pensacola 1 - Columbia 4
BOTTOM OF THE 7TH
Columbia Fireflies batting - Pitching for Pensacola Blue Wahoos : RHP Hideki Kobayashi
Batting: RHB Elias Urbina 0-0: Called Strike
0-1: DOUBLE (Line Drive, 9LM, EV 106.2 MPH)
Batting: RHB Jeff MacPhee 0-0: Swinging Strike
0-1: Ball
1-1: Bunted foul
1-2: Ground out 4-3 (Groundball, 4, EV 82.5 MPH)
Elias Urbina to third
Batting: RHB Koen van Oort 0-0: Intentional Walk
Batting: RHB David Reyna 0-0: Called Strike
0-1: Foul Ball, location: 2F
0-2: Ball
1-2: Strikes out looking
Koen van Oort is caught stealing 2nd base 2-4
Batter strikes out.
Bottom of the 7th over - 0 runs, 1 hit, 0 errors, 1 left on base; Pensacola 1 - Columbia 4
TOP OF THE 8TH
Pensacola Blue Wahoos batting - Pitching for Columbia Fireflies : RHP Marvin Merino
Pitching: RHP Thomas Clark
Batting: LHB Manny Ruvalcaba 0-0: Ball
1-0: Foul Ball, location: 2F
1-1: Ball
2-1: Ball
3-1: Swinging Strike
3-2: DOUBLE (Line Drive, 78M, EV 93.8 MPH)
Pinch Hitting: SHB Paul Sandoval 0-0: Single, Error in OF, E8, batter to second base (Groundball, 4D, EV 97.5 MPH)
Manny Ruvalcaba scores
Batting: RHB Dusty Pollert 0-0: Called Strike
0-1: Ball
1-1: Foul Ball, location: 2F
1-2: Strikes out swinging
Batting: RHB Jon Marquez 0-0: Ground out 1-3 (Groundball, 15S, EV 70.6 MPH)
Batting: RHB Mike Alm 0-0: Called Strike
0-1: Called Strike
0-2: Fly out, F7 (Flyball, 78M, EV 90.0 MPH)
Top of the 8th over - 1 run, 2 hits, 1 error, 1 left on base; Pensacola 2 - Columbia 4
BOTTOM OF THE 8TH
Columbia Fireflies batting - Pitching for Pensacola Blue Wahoos : RHP Hideki Kobayashi
Now at SS: Paul Sandoval
Batting: LHB Jamel Alexander 0-0: Ball
1-0: Ball
2-0: Ground out 4-3 (Groundball, 4MD, EV 99.4 MPH)
Batting: LHB Adam Hairston 0-0: Called Strike
0-1: Ball
1-1: Ball
2-1: Ground out 5-3 (Groundball, P, EV 90.6 MPH)
Batting: SHB Jason Evans 0-0: Ball
1-0: SINGLE (Flyball, 3D, EV 96.9 MPH)
Batting: SHB Justin Wallace Balk!
Jason Evans to second
0-0: Ball
1-0: Ball
2-0: Foul Ball, location: 2F
2-1: Swinging Strike
2-2: Foul Ball, location: 2F
2-2: Ball
3-2: Foul Ball, location: 2F
3-2: Base on Balls
Pitching: LHP Jin Zhui
Batting: RHB Dan Muse 0-0: Swinging Strike
0-1: Foul Ball, location: 2F
0-2: Ball
1-2: Ball
2-2: Strikes out swinging
Bottom of the 8th over - 0 runs, 1 hit, 0 errors, 2 left on base; Pensacola 2 - Columbia 4
TOP OF THE 9TH
Pensacola Blue Wahoos batting - Pitching for Columbia Fireflies : RHP Thomas Clark
Pitching: RHP Bryan Dorne
Batting: SHB Freddie Farrar 0-0: Ball
1-0: Foul Ball, location: 2F
1-1: Fly out, F9 (Flyball, 9, EV 93.1 MPH)
Batting: RHB Jonathan Robies 0-0: Ball
1-0: Called Strike
1-1: Foul Ball, location: 2F
1-2: Ball
2-2: Foul Ball, location: 2F
2-2: SINGLE (Groundball, 4MD, EV 102.5 MPH)
Batting: RHB Chris Zamora 0-0: Swinging Strike
0-1: Ball
1-1: Foul Ball, location: 2F
1-2: Ball
2-2: Ball
3-2: Fly out, F8 (Line Drive, 8LS, EV 94.4 MPH)
Pinch Hitting: LHB Keith Egan 0-0: Ball
1-0: Called Strike
1-1: Ball
2-1: Ball
3-1: SINGLE (Groundball, 4M, EV 103.8 MPH) (infield hit)
Jonathan Robies to second
Batting: LHB Manny Ruvalcaba 0-0: Ball
1-0: Called Strike
1-1: Ground out 4-3 (Groundball, 4, EV 88.8 MPH)
Top of the 9th over - 0 runs, 2 hits, 0 errors, 2 left on base; Pensacola 2 - Columbia 4
Thursday, December 15th , 2022 - OOTP Baseball 23.9 Build 102